AoeStats
← [ECU] fUnebrero92

Arena

508057645Analyzed
4v4 RM · 13d ago on Sep 20, 2026· 46m 13s· 8 players
Game mode
Random Map
Map size
Large (8 player)
Population
200
Speed
Normal
Resources
Standard
Victory
Conquest
Starting age
Dark Age
Ending age
Imperial Age
RankedLock teamsTeams togetherTeam positionsShared explorationLock speedFull tech treeHidden civsTurbo modeCheats
Victory
Defeat
🇺🇸 Khmer · United States
1117
+16
🇪🇬 Goths · Egypt
1072
+17
🇨🇳 Mongols · China
1054
+18
🇺🇸 Britons · United States
1029
+19
🇪🇨 Persians · Ecuador
1157
-19
🇪🇨 Saracens · Ecuador
1110
-18
🇪🇨 Teutons · Ecuador
1106
-18
🇪🇨 Spanish · Ecuador
1043
-15
quiet_squirrel22
10:06 Loom
11:52 Feudal Age
16:08 Castle Age
14:45 Double-Bit Axe
18:55 Horse Collar
19:18 Fletching
22:44 Fortified Wall
24:14 Gold Mining
27:39 Wheelbarrow
28:08 Bodkin Arrow
30:00 Padded Archer Armor
33:45 Imperial Age
31:50 Ballistics
34:02 Yeomen
34:58 Elite Longbowman
38:38 Conscription
37:39 Elite Longbowman
39:39 Bracer
39:55 Leather Archer Armor
40:44 Chemistry
39:55 Masonry
41:22 Warwolf
42:00 Ring Archer Armor
42:39 Caravan
Meroero
1:32 Loom
13:13 Feudal Age
17:02 Castle Age
17:38 Double-Bit Axe
17:35 Horse Collar
19:15 Squires
21:58 Town Watch
26:27 Pikeman
27:29 Gold Mining
27:29 Stone Mining
30:21 Heavy Plow
30:58 Wheelbarrow
34:01 Imperial Age
32:21 Bow Saw
32:31 Hand Cart
32:50 Caravan
34:06 Forging
33:56 Scale Mail Armor
35:07 Stone Shaft Mining
34:36 Anarchy
34:37 Scale Mail Armor
35:09 Perfusion
35:30 Conscription
35:29 Elite Huskarl
36:26 Halberdier
37:50 Iron Casting
37:30 Chain Mail Armor
39:29 Two-Man Saw
39:02 Crop Rotation
38:35 Capped Ram
45:31 Chain Mail Armor
46:16 Blast Furnace
44:45 Man-at-Arms
45:32 Scale Barding Armor
45:40 Masonry
45:50 Ballistics
46:01 Fletching
46:11 Padded Archer Armor
Lee
10:06 Feudal Age
15:24 Castle Age
13:36 Double-Bit Axe
13:51 Horse Collar
17:24 Bow Saw
20:20 Heavy Plow
23:18 Wheelbarrow
25:10 Town Watch
28:58 Imperial Age
27:22 Ballistics
27:10 Scale Barding Armor
27:40 Hand Cart
27:11 Loom
27:23 Gold Mining
27:24 Stone Mining
28:54 Chain Barding Armor
28:46 Forging
30:11 Bloodlines
30:55 Gold Shaft Mining
30:56 Stone Shaft Mining
30:28 Husbandry
30:30 Light Cavalry
30:31 Heavy Camel Rider
30:32 Cavalier
31:39 Conscription
32:55 Chemistry
31:56 Hussar
33:05 Capped Ram
35:07 Iron Casting
34:33 Scale Mail Armor
35:44 Town Patrol
42:07 Heavy Camel Rider
44:02 Blast Furnace
43:17 Chain Mail Armor
Zizzle4879
12:09 Feudal Age
11:24 Loom
15:58 Castle Age
14:19 Double-Bit Axe
14:27 Horse Collar
15:49 Forging
17:03 Heavy Plow
21:43 Stone Mining
22:43 Town Watch
24:24 Gold Mining
25:37 Ballistics
25:44 Bow Saw
28:56 Wheelbarrow
29:32 Gold Shaft Mining
29:05 Husbandry
29:13 Scale Barding Armor
32:55 Imperial Age
30:43 Murder Holes
31:01 Bloodlines
32:32 Iron Casting
32:20 Chain Barding Armor
32:13 Light Cavalry
34:04 Double Crossbow
33:27 Heavy Scorpion
33:57 Elite Battle Elephant
35:55 Conscription
36:47 Plate Barding Armor
37:22 Siege Engineers
39:52 Tusk Swords
42:59 Hussar
Takipool19
7:40 Loom
8:06 Loom
10:40 Feudal Age
13:34 Wheelbarrow
16:58 Castle Age
15:18 Double-Bit Axe
20:49 Horse Collar
21:10 Gold Mining
22:54 Stone Mining
24:31 Bow Saw
24:43 Heavy Plow
27:42 Hand Cart
27:13 Town Watch
29:34 Gold Shaft Mining
32:05 Imperial Age
30:41 Fletching
30:52 Padded Archer Armor
31:16 Ballistics
31:25 Bodkin Arrow
32:10 Elite Mameluke
33:13 Conscription
33:12 Leather Archer Armor
34:19 Chemistry
34:07 Parthian Tactics
34:45 Ring Archer Armor
35:05 Bracer
35:37 Thumb Ring
41:03 Scale Barding Armor
41:09 Forging
43:07 Heavy Cavalry Archer
[ECU] fUnebrero92
11:08 Feudal Age
14:02 Gold Mining
14:07 Double-Bit Axe
16:45 Castle Age
18:13 Horse Collar
22:05 Loom
22:57 Wheelbarrow
22:42 Heavy Plow
25:19 Hand Cart
26:58 Stone Mining
29:10 Stone Shaft Mining
28:56 Bow Saw
32:43 Imperial Age
31:35 Scale Barding Armor
31:41 Forging
31:32 Scale Mail Armor
33:51 Chain Barding Armor
34:07 Iron Casting
33:47 Fletching
35:46 Plate Barding Armor
35:43 Cavalier
36:36 Bloodlines
38:35 Paladin
40:54 Blast Furnace
40:12 Chain Mail Armor
Gushy
10:14 Feudal Age
11:04 Loom
15:25 Castle Age
16:16 Double-Bit Axe
22:42 Horse Collar
29:45 Imperial Age
28:09 Wheelbarrow
28:11 Caravan
29:01 Bow Saw
28:54 Heavy Plow
29:49 Hand Cart
30:10 Masonry
32:19 Hoardings
34:23 Fletching
35:17 Fortified Wall
35:39 Architecture
36:23 Bodkin Arrow
37:41 Bracer
39:22 Scale Mail Armor
39:32 Forging
39:46 Pikeman
40:26 Squires
40:12 Arson
40:12 Gambesons
40:51 Halberdier
42:27 Chain Mail Armor
42:47 Iron Casting
45:01 Plate Mail Armor
45:32 Blast Furnace
spectro
4:36 Loom
10:17 Feudal Age
15:44 Castle Age
14:39 Double-Bit Axe
18:17 Wheelbarrow
21:44 Town Watch
22:35 Gold Mining
23:36 Scale Barding Armor
25:51 Husbandry
26:04 Bloodlines
31:33 Imperial Age
32:00 Chain Barding Armor
31:51 Forging
32:36 Kamandaran
33:23 Hand Cart
33:10 Horse Collar
32:56 Cavalier
34:53 Plate Barding Armor
33:52 Crossbowman
35:19 Thumb Ring
35:31 Heavy Plow
35:49 Savar
36:44 Pikeman
Connection lost

Rejoining the realm…

Still unreachable

The connection could not be restored.

Session expired

The server has moved on; the page needs a fresh start.